 Dungeon Sprint DCSS version 0.20.1-1-g8b1a95d (webtiles) character file.

67599 JustSomeDude the Rapturous (level 14, -12/146 HPs)
             Began as a Demonspawn Fighter on Aug 28, 2017.
             Was a Believer of Uskayaw.
             Mangled by Mennas
             ... wielding a +4 eudemon blade of holy wrath
              (13 damage)
             ... in the Dungeon (Sprint IX: "|||||||||||||||||||||||||||||").
             The game lasted 00:32:42 (3451 turns).

JustSomeDude the Rapturous (Demonspawn Fighter)     Turns: 3451, Time: 00:32:43

Health: -12/146    AC: 22    Str: 26    XL:     14   Next: 83%
Magic:  0/29       EV: 16    Int: 11    God:    Uskayaw [**....]
Gold:   436        SH: 23    Dex: 15    Spells: 13/13 levels left

rFire    . . .     SeeInvis .   w - +2 demon blade (flame)
rCold    . . .     Gourm    .   C - +1 large shield
rNeg     . . .     Faith    .   G - +0 swamp dragon scales
rPois    +         Spirit   +   (helmet restricted)
rElec    .         Reflect  .   D - +1 cloak
rCorr    .         Harm     .   y - +0 pair of gloves
MR       +....     Clarity  +   A - +0 pair of boots Stlth +.........NoTele +
                                (no amulet)
Regen    0.0/turn               o - +3 ring of dexterity
MPRegen  0.5/turn               p - +3 ring of strength

@: very slightly contaminated, glowing, silenced
A: antennae 1, iridescent scales 3, clarity, robust 1, inhibited regeneration,
spiny 2, strong 1, magic shield, magic regeneration
a: Renounce Religion


You were in the Dungeon.
You worshipped Uskayaw.
Uskayaw was greatly pleased with you.
You were very hungry.

You visited 1 branch You collected 436 gold pieces.

Inventory:

Hand Weapons
 a - a +2 demon blade of venom
 w - a +2 demon blade of flaming (weapon)
Missiles
 B - 4 javelins (quivered)
Armour
 y - a +0 pair of gloves (worn)
 A - a +0 pair of boots (worn)
 C - a +1 large shield (worn)
 D - a +1 cloak (worn)
 F - a +2 chain mail of cold resistance
 G - +0 swamp dragon scales (worn)
Jewellery
 f - a +3 ring of intelligence
 j - an uncursed ring of fire
 o - a +3 ring of dexterity (left hand)
 p - a +3 ring of strength (right hand)
Wands
 n - a wand of iceblast (6/15)
Scrolls
 h - a scroll of identify
 k - a scroll of blinking
 l - 3 scrolls of remove curse
 m - 2 scrolls of amnesia
 K - 5 scrolls of enchant weapon
 L - a scroll of recharging
Potions
 e - 4 potions of curing
 i - 2 potions of magic
Comestibles
 v - 37 fruits
 x - 11 bread rations
 z - 12 meat rations


   Skills:
 + Level 19.2 Fighting
 + Level 18.3 Long Blades
 + Level 12.4 Armour
 + Level 9.9 Dodging
 - Level 7.0 Stealth
 + Level 16.9 Shields
 * Level 22.9 Invocations
 + Level 2.0 Evocations


You had 13 spell levels left.
You didn't know any spells.

Dungeon Overview and Level Annotations

Branches:
Dungeon (1/1)

Altars:
Cheibriados
Dithmenos
Elyvilon
Fedhas
Gozag
Hepliaklqana
Kikubaaqudgha
Makhleb
Nemelex Xobeh
Okawaru
Qazlal
Ru
Sif Muna
Trog
Uskayaw
Vehumet
Xom
Yredelemnul
Zin
The Shining One
Beogh
Jiyva
Lugonu

Shops:
D :((*

Annotations:
D Mennas


Innate Abilities, Weirdness & Mutations

You have a pair of small antennae on your head.
You are completely covered in iridescent scales. (AC +6)
You are mostly covered in sharp spines.
When hurt, damage is shared between your health and your magic reserves.
You regenerate magic rapidly.
You possess an exceptional clarity of mind.
You are robust. (+10% HP)
You do not regenerate when monsters are visible.
Your muscles are strong. (Str +2)


Message History

Mennas hits you with an eudemon blade of holy wrath!
* * * LOW HITPOINT WARNING * * *
You convulse!
* * * LOW HITPOINT WARNING * * *
Mennas hits you but does no damage. Mennas blocks your attack.
Mennas is heavily wounded.
You block Mennas's attack. x2
You hit Mennas but do no damage.
Mennas is heavily wounded.
You block Mennas's attack. Mennas hits you but does no damage.
You miss Mennas.
Mennas is heavily wounded.
Mennas hits you with an eudemon blade of holy wrath.
* * * LOW HITPOINT WARNING * * *
You convulse.
Mennas hits you with an eudemon blade of holy wrath!
* * * LOW HITPOINT WARNING * * *
You convulse!
You die...

........)........................
▓▓▓▓▓▓▓▓▓▓▓▓▓▓▓▓▓▓▓▓▓▓▓▓▓▓▓♣♣♣♣♣♣
.......))[÷).....(.(..)))).'†.%.†
▓▓▓▓▓▓▓▓▓▓▓▓▓▓▓▓▓▓▓▓▓▓▓▓▓▓▓♣♣♣♣♣♣
.................................
▓▓▓▓▓▓▓▓▓▓▓▓▓▓▓▓▓▓▓▓▓▓▓▓▓▓▓▓▓▓▓▓▓
.........)..[(().[)(.)......+)†(†
▓▓▓▓▓▓▓▓▓▓▓▓▓▓▓▓▓▓▓▓▓▓▓▓▓▓▓▓▓▓▓▓▓
..............A@.......[........
▓▓▓▓▓▓▓▓▓▓▓▓▓▓▓▓▓▓▓▓▓▓▓▓▓▓▓▓▓▓▓▓


You could see Mennas.

Vanquished Creatures
  Mara (D)
  Agnes (D)
  A fire giant (D)
  An emperor scorpion (D)
  A vault warden (D)
  3 very ugly things (D)
  2 ironheart preservers (D)
  4 stone giants (D)
  Azrael (D)
  An ettin (D)
  3 great orbs of eyes (D)
  2 fire dragons (D)
  2 rakshasas (D)
  3 yaktaur captains (D)
  A spriggan air mage (D)
  2 ice dragons (D)
  A ghost crab (D)
  A naga warrior (D)
  An anaconda (D)
  A death knight (D)
  2 centaur warriors (D)
  A tengu warrior (D)
  An ogre mage (D)
  A two-headed ogre (D)
  A deep troll earth mage (D)
  A deep troll shaman (D)
  A shock serpent (D)
  A deep elf knight (D)
  Urug (D)
  A sea snake (D)
  A wizard (D)
  2 naga ritualists (D)
  An ironbrand convoker (D)
  A necromancer (D)
  7 orc sorcerers (D)
  2 oklob plants (D)
  3 ugly things (D)
  3 wolf spiders (D)
  11 orc knights (D)
  A deep elf mage (D)
  A cyclops (D)
  A water nymph (D)
  2 naga magi (D)
  2 black mambas (D)
  2 merfolk sirens (D)
  Psyche (D)
  A vault sentinel (D)
  A gargoyle (D)
  5 komodo dragons (D)
  2 yaktaurs (D)
  A freezing wraith (D)
  2 merfolk (D)
  A troll (shapeshifter) (D)
  A demonic crawler (D)
  2 jumping spiders (D)
  A wind drake (D)
  A tyrant leech (D)
  3 bog bodies (D)
  A dream sheep (shapeshifter) (D)
  A slime creature (D)
  A snapping turtle (D)
  2 hippogriffs (D)
  2 tarantellas (D)
  A redback (D)
  2 wraiths (D)
  A yak (D)
  A wyvern (D)
  Grum (D)
  A basilisk (D)
  3 fire elementals (D)
  A vampire mosquito (D)
  A warg (D)
  3 porcupines (D)
  5 hell hounds (D)
  A water moccasin (D)
  An ice beast (D)
  5 orc warriors (D)
  A phantom (D)
  9 wolves (D)
  2 centaurs (D)
  3 crocodiles (D)
  2 bullfrogs (D)
  A hound (D)
  2 orc priests (D)
  3 orc wizards (D)
  An adder (D)
  An adder skeleton (D)
  A dart slug (D)
  14 orcs (D)
  A bat (D)
  A bat zombie (D)
  A giant cockroach (D)
  A quokka (D)
  A leopard gecko zombie (D)
  2 rats (D)
187 creatures vanquished.

Vanquished Creatures (others)
  A hydra (D)
  A shadow wraith (D)
  A troll (D)
  A tyrant leech (D)
  An insubstantial wisp (D)
5 creatures vanquished.

Grand Total: 192 creatures vanquished

Notes
Turn   | Place    | Note
-------+----------+-------------------------------------------
     0 | D        | JustSomeDude the Demonspawn Fighter began the quest for the Orb.
     0 | D        | Reached XP level 1. HP: 18/18 MP: 1/1
    19 | D        | Noticed a hound
    19 | D        | Noticed a phantom
    23 | D        | Gained mutation: You are partially covered in iridescent scales. (AC +2) [demonic ancestry]
    23 | D        | Reached XP level 2. HP: 25/25 MP: 2/2
    32 | D        | Reached XP level 3. HP: 30/31 MP: 3/3
    63 | D        | Killed a phantom
    63 | D        | Reached skill level 5 in Fighting
    63 | D        | Reached skill level 5 in Armour
    63 | D        | Reached skill level 5 in Shields
    63 | D        | Gained mutation: You are partially covered in sharp spines. [demonic ancestry]
    63 | D        | Reached XP level 4. HP: 16/40 MP: 4/4
   254 | D        | Found a roughly hewn altar of Beogh.
   254 | D        | Found a snail-covered altar of Cheibriados.
   254 | D        | Found a shadowy altar of Dithmenos.
   254 | D        | Found a white marble altar of Elyvilon.
   254 | D        | Found a blossoming altar of Fedhas.
   254 | D        | Found an opulent altar of Gozag.
   255 | D        | Found a hazy altar of Hepliaklqana.
   256 | D        | Found a viscous altar of Jiyva.
   257 | D        | Found an ancient bone altar of Kikubaaqudgha.
   258 | D        | Found a corrupted altar of Lugonu.
   259 | D        | Found a burning altar of Makhleb.
   260 | D        | Found a sparkling altar of Nemelex Xobeh.
   261 | D        | Found an iron altar of Okawaru.
   262 | D        | Found a stormy altar of Qazlal.
   263 | D        | Found a sacrificial altar of Ru.
   264 | D        | Found a deep blue altar of Sif Muna.
   265 | D        | Found a bloodstained altar of Trog.
   266 | D        | Found a hide-covered altar of Uskayaw.
   267 | D        | Found a radiant altar of Vehumet.
   269 | D        | Found a shimmering altar of Xom.
   272 | D        | Found a basalt altar of Yredelemnul.
   273 | D        | Found a glowing silver altar of Zin.
   274 | D        | Found a glowing golden altar of the Shining One.
   300 | D        | Became a worshipper of Uskayaw the Reveler
   353 | D        | Noticed a troll
   353 | D        | Noticed a centaur
   353 | D        | Noticed an ice beast
   353 | D        | Noticed an orc warrior
   355 | D        | Reached * piety under Uskayaw
   357 | D        | Killed a troll
   357 | D        | Reached skill level 5 in Long Blades
   357 | D        | Reached skill level 1 in Dodging
   357 | D        | Gained mutation: When hurt, damage is shared between your health and your magic reserves. [demonic ancestry]
   357 | D        | Reached XP level 5. HP: 47/47 MP: 5/5
   357 | D        | Reached XP level 6. HP: 53/53 MP: 6/6
   357 | D        | Reached ** piety under Uskayaw
   362 | D        | Reached *** piety under Uskayaw
   366 | D        | Reached **** piety under Uskayaw
   368 | D        | Killed an ice beast
   368 | D        | Reached ***** piety under Uskayaw
   378 | D        | Reached ****** piety under Uskayaw
   390 | D        | Killed an orc warrior
   390 | D        | Reached skill level 1 in Stealth
   390 | D        | Reached XP level 7. HP: 47/60 MP: 3/7
   397 | D        | Noticed a centaur warrior
   397 | D        | Noticed a two-headed ogre
   397 | D        | Noticed a wyvern
   397 | D        | Noticed a hippogriff
   397 | D        | Noticed a tengu warrior
   407 | D        | Killed a centaur warrior
   407 | D        | Gained mutation: You have a pair of small antennae on your head. [demonic ancestry]
   407 | D        | Reached XP level 8. HP: 69/69 MP: 4/8
   409 | D        | Killed a two-headed ogre
   409 | D        | Reached skill level 10 in Long Blades
   415 | D        | Reached skill level 5 in Stealth
   415 | D        | Reached XP level 9. HP: 76/76 MP: 5/9
   428 | D        | Killed a tengu warrior
   541 | D        | Noticed a komodo dragon
   541 | D        | Noticed a komodo dragon
   546 | D        | Killed a komodo dragon
   549 | D        | Killed a komodo dragon
   550 | D        | Noticed a komodo dragon
   559 | D        | Reached skill level 1 in Invocations
   564 | D        | Killed a komodo dragon
   564 | D        | Reached skill level 10 in Fighting
   564 | D        | Reached skill level 10 in Armour
   564 | D        | Reached skill level 2 in Invocations
   564 | D        | Gained mutation: You are mostly covered in iridescent scales. (AC +4) [demonic ancestry]
   564 | D        | Reached XP level 10. HP: 70/85 MP: 5/11
   569 | D        | Reached skill level 3 in Invocations
   584 | D        | Noticed an oklob plant
   584 | D        | Noticed an oklob plant
   588 | D        | Reached skill level 4 in Invocations
   604 | D        | Killed an oklob plant
   604 | D        | Reached skill level 10 in Shields
   604 | D        | Reached skill level 5 in Invocations
   623 | D        | Killed an oklob plant
   623 | D        | Reached skill level 6 in Invocations
   634 | D        | Reached skill level 5 in Dodging
   660 | D        | Reached skill level 7 in Invocations
   724 | D        | Noticed Grum
   735 | D        | Killed Grum
   762 | D        | Noticed Urug
   781 | D        | Killed Urug
   781 | D        | Reached skill level 8 in Invocations
   781 | D        | Gained mutation: You are mostly covered in sharp spines. [demonic ancestry]
   781 | D        | Reached XP level 11. HP: 54/93 MP: 7/17
   958 | D        | Noticed an orc knight
   965 | D        | Killed an orc knight
  1000 | D        | Noticed an orc knight
  1000 | D        | Noticed an orc knight
  1000 | D        | Noticed an orc knight
  1000 | D        | Noticed an orc sorcerer
  1003 | D        | Noticed an orc knight
  1004 | D        | Killed an orc knight
  1004 | D        | Reached skill level 9 in Invocations
  1006 | D        | Noticed an orc knight
  1017 | D        | Killed an orc knight
  1032 | D        | Killed an orc knight
  1033 | D        | Noticed an orc sorcerer
  1037 | D        | Killed an orc sorcerer
  1037 | D        | Reached skill level 10 in Invocations
  1042 | D        | Noticed an orc knight
  1045 | D        | Killed an orc knight
  1056 | D        | Killed an orc knight
  1065 | D        | Killed an orc sorcerer
  1072 | D        | Killed an orc knight
  1072 | D        | Reached skill level 15 in Long Blades
  1084 | D        | Found Zikutit's Book Emporium.
  1084 | D        | Noticed an orc sorcerer
  1084 | D        | Noticed an orc knight
  1086 | D        | Noticed an orc knight
  1090 | D        | Noticed an orc sorcerer
  1090 | D        | Killed an orc sorcerer
  1090 | D        | Reached skill level 11 in Invocations
  1091 | D        | Found Vyguyjy's Weapon Shoppe.
  1091 | D        | Noticed an orc sorcerer
  1105 | D        | Killed an orc knight
  1117 | D        | Killed an orc knight
  1120 | D        | Killed an orc sorcerer
  1121 | D        | Found Feolotelu's Weapon Emporium.
  1125 | D        | Killed an orc sorcerer
  1128 | D        | Found Ybiann's Assorted Antiques.
  1131 | D        | Noticed an orc knight
  1135 | D        | Noticed an orc sorcerer
  1135 | D        | Noticed an orc sorcerer
  1143 | D        | Killed an orc knight
  1152 | D        | Killed an orc sorcerer
  1152 | D        | Reached skill level 12 in Invocations
  1158 | D        | Noticed a sixfirhy
  1165 | D        | Killed an orc sorcerer
  1298 | D        | Noticed Psyche
  1309 | D        | Killed Psyche
  1309 | D        | Gained mutation: You regenerate magic rapidly. [demonic ancestry]
  1309 | D        | Reached XP level 12. HP: 105/105 MP: 19/21
  1443 | D        | Got the cursed +0 pair of gloves "Gaom" {Stlth+}
  1515 | D        | Noticed a rakshasa
  1524 | D        | Noticed a great orb of eyes
  1548 | D        | Noticed a yaktaur captain
  1551 | D        | Noticed an ice dragon
  1553 | D        | Noticed a fire dragon
  1555 | D        | Killed a rakshasa
  1556 | D        | Noticed a great orb of eyes
  1561 | D        | Killed a great orb of eyes
  1561 | D        | Reached skill level 13 in Invocations
  1562 | D        | Noticed a cyan very ugly thing
  1565 | D        | Killed a yaktaur captain
  1569 | D        | Killed an ice dragon
  1571 | D        | Killed a fire dragon
  1573 | D        | Killed a cyan very ugly thing
  1576 | D        | Killed a great orb of eyes
  1576 | D        | Reached skill level 15 in Fighting
  1576 | D        | Reached skill level 14 in Invocations
  1640 | D        | Noticed Agnes
  1757 | D        | Killed Agnes
  1835 | D        | Noticed a naga warrior
  1835 | D        | Noticed an anaconda
  1843 | D        | Killed a naga warrior
  1848 | D        | Killed an anaconda
  1857 | D        | Reached skill level 15 in Invocations
  1857 | D        | Reached XP level 13. HP: 113/117 MP: 22/24
  2251 | D        | Reached skill level 1 in Evocations
  2380 | D        | Noticed an emperor scorpion
  2383 | D        | Reached skill level 16 in Invocations
  2386 | D        | Killed an emperor scorpion
  2549 | D        | Noticed Azrael
  2571 | D        | Killed Azrael
  2571 | D        | Reached skill level 17 in Invocations
  2779 | D        | Noticed an ettin
  2785 | D        | Noticed a stone giant
  2791 | D        | Killed an ettin
  2791 | D        | Reached skill level 18 in Invocations
  2791 | D        | Reached skill level 15 in Shields
  2797 | D        | Noticed a green very ugly thing
  2804 | D        | Killed a stone giant
  2805 | D        | Noticed a fire giant
  2807 | D        | Noticed a stone giant
  2814 | D        | Killed a fire giant
  2814 | D        | Reached skill level 19 in Invocations
  2826 | D        | Killed a green very ugly thing
  2830 | D        | Reached XP level 14. HP: 64/129 MP: 21/27
  2838 | D        | Killed a stone giant
  2845 | D        | Reached skill level 20 in Invocations
  2864 | D        | Noticed an ironheart preserver
  2882 | D        | Killed an ironheart preserver
  2890 | D        | Reached skill level 21 in Invocations
  2894 | D        | Noticed a stone giant
  2898 | D        | Noticed a vault warden
  2907 | D        | Noticed a cyan very ugly thing
  2909 | D        | Noticed a stone giant
  2912 | D        | Killed a stone giant
  2915 | D        | Killed a vault warden
  2919 | D        | Killed a cyan very ugly thing
  2919 | D        | Reached skill level 22 in Invocations
  2939 | D        | Killed a stone giant
  2960 | D        | Gained mutation: Your muscles are strong. (Str +2) [mutagenic meat]
  2961 | D        | Gained mutation: You possess an exceptional clarity of mind. [mutagenic meat]
  2962 | D        | Gained mutation: You are robust. (+10% HP) [mutagenic meat]
  2964 | D        | Gained mutation: You are completely covered in iridescent scales. (AC +6) [mutagenic meat]
  2966 | D        | Gained mutation: You do not regenerate when monsters are visible. [mutagenic meat]
  2971 | D        | Noticed an ironheart preserver
  2981 | D        | Killed an ironheart preserver
  3123 | D        | Noticed Mara
  3136 | D        | Noticed JustSomeDude's illusion
  3167 | D        | Noticed JustSomeDude's illusion
  3172 | D        | Killed Mara
  3398 | D        | Noticed Mennas
  3451 | D        | HP: 7/146 [Mennas/eudemon blade of holy wrath (1)]
  3451 | D        | HP: 1/146 [Mennas/eudemon blade of holy wrath (6)]
  3451 | D        | Mangled by Mennas

Skill      XL: |  1  2  3  4  5  6  7  8  9 10 11 12 13 14 |
---------------+-------------------------------------------+-----
Armour         | 3 4 5 6 7 8 9 10 11 12 | 12.4
Shields        | 3 4 5 6 7 8 9 10 11 13 15 16 | 16.9
Long Blades    | 2 4 5 7 9 10 12 13 15 16 17 18 | 18.3
Fighting       | 4 5 6 7 8 9 10 11 13 15 17 19 | 19.2
Dodging        | 1 2 3 4 5 6 7 8 9 |  9.9
Stealth        | 1 3 5 7 |  7.0
Invocations    | 2 8 12 15 19 22 | 22.9
Evocations     | 2 |  2.0

Action                   |  1- 3 |  4- 6 |  7- 9 | 10-12 | 13-15 || total
-------------------------+-------+-------+-------+-------+-------++-------
Melee: Long sword        |    47 |       |       |       |       ||    47
       Scimitar          |       |    34 |    46 |   252 |       ||   332
       Demon blade       |       |       |       |    72 |   334 ||   406
Invok: Grand Finale      |       |       |       |       |     2 ||     2
       Line Pass         |       |       |       |       |     1 ||     1
Evoke: Wand              |       |       |     1 |     2 |     5 ||     8
  Use: Potion            |     1 |     1 |     3 |    11 |    13 ||    29
       Scroll            |       |       |     4 |     3 |     2 ||     9
 Stab: Invisible         |       |     3 |       |       |       ||     3
       Paralysed         |       |       |     4 |    34 |    27 ||    65
       Sleeping          |       |       |       |     1 |     2 ||     3
  Eat: Bread ration      |       |     1 |       |     1 |       ||     2
       Chunk             |       |       |       |     2 |     9 ||    11
       Fruit             |       |       |       |     3 |       ||     3
Armor: Scale mail        |    25 |    10 |    19 |    21 |       ||    75
       Swamp dragon scal |       |       |       |    12 |    42 ||    54
Dodge: Dodged            |     8 |    13 |    22 |    46 |    65 ||   154
Block: Shield            |    20 |    15 |    25 |    78 |       ||   138
       Large shield      |       |       |       |    35 |   191 ||   226
       Rpst.: Long sword |     4 |       |       |       |       ||     4
       Scimitar          |       |     5 |     1 |    11 |       ||    17
       Demon blade       |       |       |       |     1 |    14 ||    15
